Cogmind - Beta 14 @@@ ROGUE MODE // 2025.03.13 @ 21:49:49 Player: TryingToLearn Result: Destroyed by D-53 Grenadier with Mini Grenade Launcher Performance ------------- Evolutions (0) 0 Regions Visited (2) 400 Robots Destroyed (5) 25 Value Destroyed (136) 136 Prototype IDs (0) 0 Alien Tech Used (0) 0 Bonus (0) 0 TOTAL SCORE: 561 Bonus ------- None Cogmind --------- Core Integrity 0/250 Matter 241/300 Energy 160/160 System Corruption 0% Temperature Cool (0) Movement Hovering (56) Location -10/Mines Parts ------- > --- POWER (1) -------- Light Nuclear Core > --- PROPULSION (2) --- Hover Unit Hover Unit > --- UTILITY (2) ------ Structural Scanner Propulsion Shielding > --- WEAPON (2) ------- Heavy Assault Rifle > --- INVENTORY (5) ---- Compact Wheel Hover Unit Small Storage Unit Heavy Assault Rifle Flail Peak State ------------ > --- POWER ------------ Light Nuclear Core > --- PROPULSION ------- Aluminum Leg Aluminum Leg > --- UTILITY ---------- Small Storage Unit Structural Scanner > --- WEAPON ----------- Heavy Assault Rifle Flail > --- INVENTORY -------- Compact Wheel Hover Unit Hover Unit Hover Unit Propulsion Shielding Heavy Assault Rifle [Rating: 11] Favorites ----------- Power Light Ion Engine Engine Light Ion Engine Power Core Light Nuclear Core Propulsion Aluminum Leg Leg Aluminum Leg Hover Unit Hover Unit Utility Small Storage Unit Device Structural Scanner Storage Small Storage Unit Protection Propulsion Shielding Weapon Heavy Assault Rifle Energy Gun Small Laser Ballistic Gun Heavy Assault Rifle Impact Weapon Flail Build | -11 -10 -10 ------- Run | Yrd Mat Min Slots Evolved . | . . . Power . | . . . Propulsion . | . . . Utility . | . . . Weapon . | . . . Parts Attached 19 | 6 5 8 Power 2 | 1 . 1 Engine 1 | 1 . . Core 1 | . . 1 Reactor . | . . . Propulsion 4 | 2 . 2 Treads . | . . . Leg 2 | 2 . . Wheel . | . . . Hover 2 | . . 2 Flight . | . . . Utility 4 | 1 2 1 Device 2 | . 2 . Storage 1 | 1 . . Processor . | . . . Hackware . | . . . Protection 1 | . . 1 Artifact . | . . . Weapon 9 | 2 3 4 Energy Gun 1 | 1 . . Energy Cannon . | . . . Ballistic Gun 6 | 1 2 3 Ballistic Cannon . | . . . Launcher . | . . . Special Weapon . | . . . Impact Weapon 2 | . 1 1 Slashing Weapon . | . . . Piercing Weapon . | . . . Special Melee Weapon . | . . . Unidentified Prototypes . | . . . Parts Lost 5 | . . 5 Power 1 | . . 1 Propulsion 2 | . . 2 Utility . | . . . Weapon 2 | . . 2 Highest Loss Streak 4 | . . 4 To Critical Strikes . | . . . Average Slot Usage (%) 96 | . 96 95 Engine 12 | . 14 8 Core 1 | . . 4 Leg 25 | . 28 19 Hover 2 | . . 7 Device 11 | . 11 14 Storage 12 | . 14 10 Protection 1 | . . 3 Energy Gun 5 | . 7 . Ballistic Gun 17 | . 14 25 Impact Weapon 4 | . 6 1 Peak Build Rating 11 | 6 10 11 Average Rating 8 | 4 8 9 On Entrance 5 | . 6 10 Naked Turns . | . . . Heaviest Build 15 | 10 15 15 Greatest Support 20 | 20 20 20 Greatest Overweight (x) 1 | . . 1 Average Overweight (x) . | . . . Largest Inventory Capacity 8 | 8 8 8 Average Capacity 7 | 7 8 7 Most Carried 8 | 6 8 8 Average Carried 6 | 2 7 7 Final Capacity 8 | 8 8 5 Final Carried 8 | 6 8 5 Class Distribution -------------------- 100% | Mutant Dominant Class ---------------- Mutant | -10/Materials Mutant | -10/Mines Resources | -11 -10 -10 ----------- Run | Yrd Mat Min Matter Collected 431 | 217 73 141 Remotely . | . . . Salvage Created 227 | . 148 79 Parts 13 | . 13 . Haulers Intercepted . | . . . Recyclers Shooed 1 | . 1 . Parts Field Recycled . | . . . Retrieved Matter . | . . . Parts Self-Destructed . | . . . Prevented . | . . . Kills | -11 -10 -10 ------- Run | Yrd Mat Min Combat Hostiles Destroyed 8 | . 3 5 Melee 1 | . . 1 Guns 7 | . 3 4 Classes Destroyed 4 | . 3 1 Builder 1 | . 1 . Watcher 1 | . 1 . Grunt 3 | . 3 . Assembled 5 | . . 5 Best Kill Streak 3 | . 3 3 Combat Bots Only 3 | . 2 3 Max Kills in Single Turn 1 | . 1 1 Gunslinging . | . . . Exploded . | . . . Melee 1 | . . 1 Uniques/NPCs Destroyed . | . . . Combat | -11 -10 -10 -------- Run | Yrd Mat Min Hostile Shots Fired 61 | . 11 50 Missed 13 | . 2 11 Damage Taken 912 | . 117 795 Core 262 | . 53 209 Absorbed by Shields . | . . . Redirected to Shielding 12 | . . 12 Core Remaining (%) 100 | 100 . . Volleys Fired 30 | . 11 19 Largest 2 | . 2 2 Hottest 60 | . 60 46 Shots Fired 60 | . 22 38 Gun 60 | . 22 38 Cannon . | . . . Launcher . | . . . Special . | . . . Kinetic 49 | . 11 38 Thermal 11 | . 11 . Explosive . | . . . Electromagnetic . | . . . Robot Hit Streak 9 | . 8 9 Robot Miss Streak 3 | . 1 3 Penetration Max . | . . . Secondary Targets . | . . . Shots Hit Robots 39 | . 19 20 Core Hits 19 | . 9 10 Critical Kills . | . . . Critical Parts Destroyed . | . . . Critical Strikes . | . . . Melee Attacks 4 | . 2 2 Impact 4 | . 2 2 Slashing . | . . . Piercing . | . . . Sneak Attacks 2 | . 2 . Combat Hostiles . | . . . Follow-up Attacks . | . . . Damage Inflicted 705 | . 317 388 Guns 508 | . 156 352 Cannons . | . . . Explosions . | . . . Melee 197 | . 161 36 Ramming . | . . . Kinetic 409 | . 57 352 Thermal 99 | . 99 . Explosive . | . . . Electromagnetic . | . . . Impact 197 | . 161 36 Slashing . | . . . Piercing . | . . . Highest Corruption . | . . . Average Corruption . | . . . Corruption Purged . | . . . Corruption Blocked . | . . . Overload Shots . | . . . Overflow Damage 25 | . 16 9 Projectiles . | . . . Explosions . | . . . Melee 25 | . 16 9 Knockbacks 2 | . 2 . Impact 2 | . 2 . Kinetic . | . . . Secondary . | . . . Self-Inflicted Damage . | . . . Shots . | . . . Rammed . | . . . Targets Rammed . | . . . Kicked . | . . . Crushed . | . . . Highest Temperature 109 | . 109 105 Average Temperature 49 | . 42 59 Received Heat Transfer 327 | . 87 240 Siege Activations . | . . . Robots Corrupted 1 | . 1 . Combat Hostiles . | . . . Parts Fried 4 | . 4 . Impact Corruptions 2 | . 1 1 Robots Melted . | . . . Combat Hostiles . | . . . Parts Melted . | . . . Heat Transferred 225 | . 225 . Parts Sabotaged . | . . . Parts Stolen . | . . . Parts Stripped . | . . . Power Chain Reactions . | . . . Alert | -11 -10 -10 ------- Run | Yrd Mat Min Peak Influence 116 | . 116 15 Initial . | . . . Average 46 | . 74 . Maximum Alert Level . | . . . Low Security (%) 100 | 100 100 100 Level 1 . | . . . Level 2 . | . . . Level 3 . | . . . Level 4 . | . . . Level 5 . | . . . High Security . | . . . Max Security . | . . . Squads Dispatched 2 | . 2 . Investigation 1 | . 1 . Extermination . | . . . Reinforcement 1 | . 1 . Assault . | . . . Garrison . | . . . Intercept . | . . . Searches Triggered . | . . . Construction Impeded . | . . . Haulers Reinforced . | . . . Active Scanning Responses . | . . . Cargo Convoy Interrupts . | . . . Stealth | -11 -10 -10 --------- Run | Yrd Mat Min Distress Signals 1 | . 1 . Communications Jammed . | . . . Distress Signals . | . . . Times Spotted 18 | . 6 12 Peak Tracking Total 5 | . 3 5 Tactical Retreats 5 | . . 5 Traps | -11 -10 -10 ------- Run | Yrd Mat Min Traps Triggered . | . . . Indirectly . | . . . Trap Hack Attempts . | . . . Triggered . | . . . Disarmed . | . . . Reprogrammed . | . . . Reused . | . . . Traps Extracted . | . . . Installed . | . . . Triggered . | . . . Machines | -11 -10 -10 ---------- Run | Yrd Mat Min Machines Disabled . | . . . Max in Single Turn . | . . . Machines Repaired . | . . . Machines Dismantled . | . . . Machines Sabotaged . | . . . Overloaded Fab Kills . | . . . Hacking | -11 -10 -10 --------- Run | Yrd Mat Min Machines Accessed 2 | . 2 . Terminals 2 | . 2 . Fabricators . | . . . Repair Stations . | . . . Recycling Units . | . . . Scanalyzers . | . . . Garrison Access . | . . . Total Hacks 8 | . 8 . Successful 3 | . 3 . Failed 5 | . 5 . Catastrophic . | . . . Database Lockouts . | . . . Manual 8 | . 8 . Terminals 8 | . 8 . Fabricators . | . . . Repair Stations . | . . . Recycling Units . | . . . Scanalyzers . | . . . Garrison Access . | . . . Terminal Hacks . | . . . Fabricator Hacks . | . . . Repair Station Hacks . | . . . Recycling Unit Hacks . | . . . Scanalyzer . | . . . Garrison Access Hacks . | . . . Unauthorized Hacks 3 | . 3 . Terminals 3 | . 3 . Assimilate 1 | . 1 . Botnet 2 | . 2 . Fabricators . | . . . Repair Stations . | . . . Recycling Units . | . . . Scanalyzers . | . . . Garrison Access . | . . . Data Cores Recovered . | . . . Used . | . . . Hacking Detections 2 | . 2 . Full Trace Events 1 | . 1 . Feedback Events . | . . . Feedback Blocked . | . . . Robot Schematics Acquired . | . . . Robots Built . | . . . Authchips . | . . . Time . | . . . Total Robot Build Rating . | . . . Part Schematics Acquired . | . . . Parts Built . | . . . Authchips . | . . . Time . | . . . Total Part Build Rating . | . . . Parts Repaired . | . . . Time . | . . . Parts Recycled . | . . . Recycled Matter . | . . . Retrieved Matter . | . . . Retrieved Components . | . . . Parts Scanalyzed . | . . . Part Schematics Acquired . | . . . Parts Damaged . | . . . Bothacking | -11 -10 -10 ------------ Run | Yrd Mat Min Used RIF Installer . | . . . Robots Hacked . | . . . Non-combat . | . . . Combat . | . . . Robot Hacks Applied . | . . . Relay Couplers Released . | . . . Fabnet Peak Effective % . | . . . Robots Rewired . | . . . Allies Hacked . | . . . Hacks Repelled . | . . . Allies | -11 -10 -10 -------- Run | Yrd Mat Min Total Allies . | . . . Largest Group . | . . . Highest-Rated Group . | . . . Highest-Rated Ally . | . . . Total Orders . | . . . Ally Attacks . | . . . Total Damage . | . . . Kills . | . . . Allies Corrupted . | . . . Allies Melted . | . . . Intel | -11 -10 -10 ------- Run | Yrd Mat Min Robot Analysis Total . | . . . Derelict Logs Recovered . | . . . Drone Launches . | . . . Drone Recoveries . | . . . Exploration | -11 -10 -10 ------------- Run | Yrd Mat Min Turns Passed 686 | 75 423 188 Spaces Moved 457 | 53 294 110 Core 4 | 4 . . Treads . | . . . Legs 398 | 49 294 55 Wheels . | . . . Hover 55 | . . 55 Flight . | . . . Fastest Speed 50 | 50 120 56 Average Speed 111 | 114 120 89 Slowest Speed 120 | 120 120 120 Overloaded Moves . | . . . Propulsion Burnouts . | . . . Robots Hopped . | . . . Cave-ins Triggered . | . . . Exploration Rate (%) 28 | 4 55 26 Regions Visited 2 Branch Regions 1 Pre-discovered Areas . | . . . Known Exits Taken . | . . . Unknown Exits Taken 2 | 1 1 . Scrap Searched 1 | . . 1 Spaces Dug . | . . . Terrain Destroyed . | . . . Melee . | . . . Projectile . | . . . AOE . | . . . Terrain Rammed . | . . . Walls Destroyed . | . . . Machines Disabled . | . . . Actions | -11 -10 -10 --------- Run | Yrd Mat Min Total 566 | 64 344 158 Wait 31 | . 14 17 Move 455 | 52 293 110 Hop . | . . . Pick Up 15 | 6 9 . Fast Attach 10 | 6 3 1 Attach 5 | . . 5 Detach 2 | . . 2 Swap 4 | . 2 2 Drop 10 | . 10 . Fire 30 | . 11 19 Melee 4 | . 2 2 Ram . | . . . Kick . | . . . Crush . | . . . Escape Stasis . | . . . Rewire . | . . . Trap . | . . . Miscellaneous . | . . . Route ------- -11/Scrapyard -10/Materials (discovered 2 exits: [*Mat] / [*Min]) -10/Mines History --------- Turn | Location | Event 43 | -11/Scrapyard | Discovered new exit (range 16) 76 | -11/Scrapyard | Entered Materials 325 | -10/Materials | Build established: Mutant 370 | -10/Materials | Discovered new exit (range 12) 467 | -10/Materials | Discovered new exit (range 7) 499 | -10/Materials | Entered Mines 500 | -10/Mines | Assembled infested the area 509 | -10/Mines | Met a Derelict bent on vengeance 612 | -10/Mines | Core integrity fell below 50% 628 | -10/Mines | Core integrity fell below 20% 660 | -10/Mines | Lost 4 parts (1p2n1w) 687 | -10/Mines | Destroyed by D-53 Grenadier with Mini Grenade Launcher Last Messages --------------- 00585_ as-75395 destroyed. 00589_ Acquired 16 matter. 00606_ Lgt. Ion Engine destroyed. 00613_ Hvy. Assault Rifle destroyed. 00618_ as-30103 sneak attacks. 00618_ R-06 Scavenger destroyed. 00629_ Aluminum Leg destroyed. 00630_ Destroyed Asb. Hover Unit. 00630_ as-30103 system corrupted by crushing effect. 00630_ as-30103 destroyed. 00638_ Acquired 18 matter. 00649_ Searching scrap... 00649_ Found Lgt. Cannon. 00649_ Found Weapon Shielding. 00649_ Found Assault Rifle. 00649_ Found 45 Matter. 00650_ Acquired Assault Rifle. 00651_ Acquired 45 matter. 00683_ The unstable cave ceiling collapses. 00683_ Assault Rifle destroyed. Map ----- +----------------------------------------------------+ | | | | | | | ?????????????????????????????????????????????????? | | ?????????????????????????????????????????????????? | | ?????????????????????????????????????????????????? | | ?????????????????????????####????????????????????? | | ????????????????????????#######??????????????????? | | ???????????????????????### ####?????????????????? | | ?????????????????????#### ###?????????????????? | | ????????????????????#### ##?????????????????? | | ????????????????????### #?????????????????? | | ????????????????????## ???????????????????? | | ????????????????????## ????????????????????? | | ????????????????????## ##????????????????????? | | ???????????????????? # ###????????????????????? | | ???????????????????# # ########??? ???????????? | | ???????????????????###% ########### ???????????? | | ????????????######### #### ### ??????????? | | ????? ####??######### ## ??????????? | | ????? ####??## !] ?????????? | | ????? ##??## % u ?????????? | | #????## ###### ######### ?????????? | | ####### ###### ####### ?????????? | | ####### #### #### t ### ?????????? | | = ### # # @### ### ?????????????? | | %### % ########???????????????? | | !### % t ########???????????????? | | ### ###???????????????????? | | " #### ### ##???????????????????? | | # ############ ###???????????????????? | | ## ##???????### ##???????????????????? | | ## ###???????### d ###???????????????????? | | ## ###???????## d ##???????????????????? | | # ##???????## ##???????????????????? | | ???????## ###??????????????????? | | ?????### ###??????????????????? | | ??? ### ##??????????????????? | | ## # ####### ##??????????????????? | | #### ###### ?####### ###??????????????????? | | ##### ####### ?????#### ####??????????????????? | | ???#######???????????#########???????????????????? | | ????#####?????????????#######????????????????????? | | ?????????????????????????????????????????????????? | | ?????????????????????????????????????????????????? | | ?????????????????????????????????????????????????? | | ?????????????????????????????????????????????????? | | ?????????????????????????????????????????????????? | | ?????????????????????????????????????????????????? | | ?????????????????????????????????????????????????? | +----------------------------------------------------+ Best States ------------- Heat Dissipation 35 Energy Generation 14 Energy Capacity 160 Matter Stores 300 Matter Capacity 300 Sight Range 16 Terrain Scan Density 10 Propulsion Shielding 33 Evasion (%) 55 Item Schematics ----------------- None Robot Schematics ------------------ None Fabricated ------------ Nothing Alien Tech Used ----------------- None Achievements -------------- None Challenges ------------ None Game ------ Seed HardlightParticleFlamer Manual? 0 Play Time 00:12:07 Cumulative 34.5 hours Start 2025.03.13 @ 21:41:03 End 2025.03.13 @ 21:49:49 Sessions 1 Manual Loads 0 Difficulty Rogue Special Mode None Game No. 31 Rogue 31 Adventurer 0 Explorer 0 Win Type - Total 0 Types 0/0/0/0/0/0/0/0/0 Lore% 12 Gallery% 35 Achievement% 26 Wizard Run 0 Options --------- Layout 0 ASCII 0 Keyboard 1 Movement Numpad Keybinds 0 Fullscreen 0 Font 16/SmallcapsGlow Map View 88x55 Zoom Use 0% Tactical HUD 1 Map Filters NONE Filters NONE Steam 1 RUN: 4a88d8be-8feb-4eb8-ae26-49d508599a82